 Dungeon Crawl Stone Soup version 0.20.2-3-g29329e0561 (webtiles) character file.

123 Alfie the Shield-Bearer (level 5, -13/46 HPs)
             Began as a Hill Orc Fighter on Mar 6, 2024.
             Mangled by SonOfAdam's ghost (17 damage)
             ... on level 4 of the Dungeon.
             The game lasted 00:05:02 (2164 turns).

Alfie the Shield-Bearer (Hill Orc Fighter)          Turns: 2164, Time: 00:05:02

Health: -13/46     AC:  8    Str: 25    XL:     5   Next: 7%
Magic:  5/5        EV:  7    Int:  8    God:
Gold:   137        SH: 10    Dex: 10    Spells: 4/4 levels left

rFire    . . .     SeeInvis .   a - +0 rapier
rCold    . . .     Gourm    .   c - +0 shield
rNeg     . . .     Faith    .   b - +0 scale mail
rPois    .         Spirit   .   (no helmet)
rElec    .         Reflect  .   (no cloak)
rCorr    .         Harm     .   o - +0 pair of gloves
MR       .....                  (no boots)
Stlth    ..........             (no amulet)
Regen    0.2/turn               (no ring)
MPRegen  0.1/turn               (no ring)

@: mighty
A: no striking features
a: no special abilities


You were on level 4 of the Dungeon.
You were not hungry.

You visited 1 branch of the dungeon, and saw 4 of its levels.

You collected 137 gold pieces.

Inventory:

Hand Weapons
 a - a +0 rapier (weapon)
Missiles
 k - 8 tomahawks (quivered)
Armour
 b - a +0 scale mail (worn)
 c - a +0 shield (worn)
 o - a +0 pair of gloves (worn)
Scrolls
 e - a scroll of teleportation {unknown}
 g - a scroll of enchant armour {unknown}
 h - a scroll of enchant weapon {unknown}
 j - a scroll of amnesia {unknown}
 l - 2 scrolls of remove curse
 p - 3 scrolls of blinking
 q - a scroll of fog {unknown}
 r - a scroll of identify
 t - a scroll of fear {unknown}
Potions
 d - a potion of might
 i - a potion of curing
 m - a potion of ambrosia {unknown}
Comestibles
 f - 3 bread rations
 n - 2 royal jellies
 s - 2 meat rations


   Skills:
 + Level 4.2 Fighting
 + Level 2.8 Short Blades
 + Level 0.1 Throwing
 + Level 4.2 Armour
 + Level 0.2 Dodging
 + Level 0.1 Stealth
 + Level 4.3 Shields


You had 4 spell levels left.
You didn't know any spells.

Dungeon Overview and Level Annotations

Branches:
Dungeon (4/15)
 Temple: D:4-7

Altars:
Ashenzari
Cheibriados
Nemelex Xobeh

Annotations:
D:4 SonOfAdam's ghost, novice MiFi


Message History

Found a snail-covered altar of Cheibriados.
SonOfAdam's ghost turns its malevolent gaze towards you.
SonOfAdam's ghost is too close now for your liking.
You feel very mighty all of a sudden.
You barely miss SonOfAdam's ghost. SonOfAdam's ghost hits you!
You hit SonOfAdam's ghost.
SonOfAdam's ghost is lightly damaged.
You block SonOfAdam's ghost's attack.
You hit SonOfAdam's ghost but do no damage.
SonOfAdam's ghost is lightly damaged.
SonOfAdam's ghost barely misses you.
You hit SonOfAdam's ghost but do no damage.
SonOfAdam's ghost is lightly damaged.
SonOfAdam's ghost hits you but does no damage.
SonOfAdam's ghost hits you!
* * * LOW HITPOINT WARNING * * *
You puncture SonOfAdam's ghost!
SonOfAdam's ghost is lightly damaged.
SonOfAdam's ghost hits you!
You die...

... ## #### #.# .. ...#####.#.#
.## #......# #.## .##.##.....##
##.# .# .........###..# #########
.# #...#...#...####.##.......#
.#####......#.#.W.....##.......#
............###.@_.#####.......##
###.######.........# #.........
#......# ##......### ##.......#.
#.#.##.# ###.#########........##
#.#.##.# #...#...............# #
#.##.# #...#.#####..########
#>#.##.# #...#.#####..#########
.......# #...#.##..>......##...
#......#####...#.##..#..##..##...


You could see SonOfAdam's ghost.

Vanquished Creatures
  A hound (D:4)
  3 adders (D:2)
  A gnoll (D:1)
  A worm (D:2)
  2 leopard geckos (D:3)
  5 orcs (D:3)
  3 bats
  3 giant cockroaches
  7 hobgoblins
  2 jackals (D:3)
  3 kobolds
  2 ball pythons
  6 goblins
  A leopard gecko skeleton (D:4)
  3 rats
43 creatures vanquished.

Notes
Turn   | Place    | Note
-------+----------+-------------------------------------------
     0 | D:1      | Alfie the Hill Orc Fighter began the quest for the Orb.
     0 | D:1      | Reached XP level 1. HP: 19/19 MP: 1/1
   338 | D:1      | Reached XP level 2. HP: 24/27 MP: 2/2
   543 | D:1      | Reached XP level 3. HP: 33/33 MP: 3/3
   639 | D:2      | Found a sparkling altar of Nemelex Xobeh.
   668 | D:2      | Found a shattered altar of Ashenzari.
   752 | D:2      | Reached XP level 4. HP: 10/40 MP: 4/4
  2097 | D:4      | Reached XP level 5. HP: 23/46 MP: 5/5
  2113 | D:4      | Noticed SonOfAdam's ghost (novice MiFi)
  2147 | D:4      | Found a snail-covered altar of Cheibriados.
  2164 | D:4      | Mangled by SonOfAdam's ghost

Skill      XL: |  1  2  3  4 |
---------------+-------------+-----
Fighting       | 4 |  4.2
Shields        | 4 |  4.3
Armour         | 4 |  4.2
Short Blades   | |  2.8
Throwing       | |  0.1
Dodging        | |  0.2
Stealth        | |  0.1

Action                   |  1- 3 |  4- 6 || total
-------------------------+-------+-------++-------
Melee: Rapier            |    89 |   123 ||   212
Throw: Tomahawk          |       |     2 ||     2
  Use: Potion            |     1 |     1 ||     2
       Scroll            |       |     3 ||     3
  Eat: Royal jelly       |       |     2 ||     2
Armor: Scale mail        |    49 |    46 ||    95
Dodge: Dodged            |    31 |    28 ||    59
Block: Shield            |    59 |    73 ||   132
